 Dungeon Crawl Stone Soup version 0.19.0 (webtiles) character file.

399 TheGoonsmith the Shield-Bearer (level 7, -2/56 HPs)
             Began as a Formicid Fighter on Nov 15, 2016.
             Was an Initiate of Okawaru.
             Slain by Menkaure (17 damage)
             ... on level 4 of the Dungeon.
             The game lasted 00:03:28 (2780 turns).

TheGoonsmith the Shield-Bearer (Formicid Fighter)   Turns: 2780, Time: 00:03:28

Health: -2/56      AC: 14    Str: 22    XL:     7   Next: 10%
Magic:  7/7        EV:  5    Int:  7    God:    Okawaru [......]
Gold:   255        SH: 10    Dex: 11    Spells: 0 memorised, 6 levels left

rFire  . . .     SeeInvis +     a - +0 war axe
rCold  . . .     Gourm    .     o - +0 plate armour
rNeg   . . .     Faith    .     c - +0 shield
rPois  +         Spirit   .     (helmet unavailable)
rElec  .         Reflect  .     t - +0 cloak
rCorr  .         Harm     .     (no gloves)
MR     +....                    n - +1 pair of boots
Stlth  ..........               (no amulet)
                                l - ring of poison resistance
                                g - ring of protection from magic

@: no status effects
A: permanent stasis, dig shafts and tunnels, four strong arms, antennae 3
a: Dig, Shaft Self, Renounce Religion


You were on level 4 of the Dungeon.
You worshipped Okawaru.
Okawaru was noncommittal.
You were not hungry.

You visited 2 branches of the dungeon, and saw 5 of its levels.

You collected 255 gold pieces.

Inventory:

Hand Weapons
 a - a +0 war axe (weapon)
Missiles
 x - 2 exploding tomahawks (quivered)
Armour
 b - a +0 scale mail
 c - a +0 shield (worn)
 n - a +1 pair of boots (worn)
 o - a +0 plate armour (worn)
 t - a +0 cloak (worn)
Jewellery
 g - a ring of protection from magic (left hand)
 l - a ring of poison resistance (right hand)
Scrolls
 j - a scroll of amnesia
 r - a scroll of identify
 s - a scroll of enchant armour {unknown}
Potions
 d - 2 potions of might
 e - a potion of berserk rage {unknown}
 h - 2 potions of invisibility {unknown}
 k - 3 potions of curing
 m - a potion of mutation {unknown}
 q - a potion of cure mutation {unknown}
 v - 2 potions of heal wounds {unknown}
 z - 2 potions of magic {unknown}
 A - a potion of degeneration {unknown}
Comestibles
 f - 7 bread rations
 i - a beef jerky


   Skills:
 + Level 5.0 Fighting
 * Level 5.0 Axes
 - Level 3.2 Armour
 + Level 5.5 Shields


You had 6 spell levels left.
You didn't know any spells.

Dungeon Overview and Level Annotations

Branches:
Dungeon (4/15)             Temple (1/1) D:4

Altars:
Ashenzari
Cheibriados
Dithmenos
Elyvilon
Fedhas
Gozag
Hepliaklqana
Kikubaaqudgha
Makhleb
Nemelex Xobeh
Okawaru
Qazlal
Ru
Sif Muna
Trog
Uskayaw
Vehumet
Xom
Yredelemnul
Zin
The Shining One

Annotations:
D:4 Menkaure


Innate Abilities, Weirdness & Mutations

You are under a permanent stasis effect.
You can dig through walls and to a lower floor.
Your four strong arms can wield two-handed weapons with a shield.
You have a pair of large antennae on your head. (SInv)


Message History

You closely miss the adder.
The adder is almost dead.
Your plate armour prevents you from hitting Menkaure.
The adder bites you but does no damage. x2
Menkaure calls on the powers of darkness!
Your body is wracked with pain!
* * * LOW HITPOINT WARNING * * *
You miss the adder.
The adder is severely wounded.
You hit Menkaure. You block the adder's attack. You block Menkaure's attack.
The adder bites you but does no damage.
You slash the adder!
You kill the adder!
Okawaru accepts your kill.
You closely miss Menkaure. You block Menkaure's attack.
You closely miss Menkaure.
Menkaure is moderately damaged.
Menkaure grins.
Menkaure hits you!
You die...

##### ###########...#
..(...........# #####
..............# #...#
..............# #...#
..............####...###
.....>..................
.......@......####......
......M.......# #......
..............####......
........................
........^...............
###########.............
########...... #......
#......


You could see Menkaure.

Vanquished Creatures
  An ogre (D:3)
  2 scorpions (D:4)
  An orc priest (D:3)
  Jessica (D:2)
  Ijyb (D:2)
  8 adders
  2 oozes (D:1)
  2 dart slugs (D:1)
  A leopard gecko (D:2)
  4 orcs (D:3)
  7 bats
  2 giant cockroaches
  8 goblins
  4 hobgoblins
  2 jackals (D:3)
  6 kobolds
  2 quokkas
  2 frilled lizards
  8 rats
64 creatures vanquished.

Notes
Turn   | Place    | Note
-------+----------+-------------------------------------------
     0 | D:1      | TheGoonsmith the Formicid Fighter began the quest for the Orb.
     0 | D:1      | Reached XP level 1. HP: 18/18 MP: 1/1
   131 | D:1      | Reached XP level 2. HP: 15/24 MP: 2/2
   353 | D:1      | Reached XP level 3. HP: 30/30 MP: 3/3
   827 | D:2      | Noticed Jessica
   841 | D:2      | Killed Jessica
   841 | D:2      | Reached XP level 4. HP: 20/37 MP: 4/4
  1350 | D:2      | Noticed Ijyb
  1369 | D:2      | Killed Ijyb
  1369 | D:2      | Reached XP level 5. HP: 40/42 MP: 5/5
  1626 | D:3      | Found a faded altar of an unknown god.
  1901 | D:3      | Noticed an ogre
  1903 | D:3      | Reached XP level 6. HP: 34/49 MP: 6/6
  1909 | D:3      | Killed an ogre
  1909 | D:3      | Reached skill level 5 in Shields
  2289 | D:4      | Found a staircase to the Ecumenical Temple.
  2300 | Temple   | Entered the Ecumenical Temple
  2507 | Temple   | Became a worshipper of Warmaster Okawaru
  2712 | D:4      | Reached skill level 5 in Fighting
  2712 | D:4      | Reached skill level 5 in Axes
  2712 | D:4      | Reached XP level 7. HP: 52/56 MP: 7/7
  2769 | D:4      | Noticed Menkaure
  2780 | D:4      | Slain by Menkaure

Skill      XL: |  1  2  3  4  5  6 |
---------------+-------------------+-----
Shields        | 4 5 |  5.5
Fighting       | 4 5 |  5.0
Axes           | 3 4 5 |  5.0
Armour         | |  3.2

Action                   |  1- 3 |  4- 6 |  7- 9 || total
-------------------------+-------+-------+-------++-------
Melee: War axe           |    57 |   164 |     8 ||   229
  Use: Scroll            |       |     5 |       ||     5
  Eat: Chunk             |       |     4 |       ||     4
       Meat ration       |       |       |     1 ||     1
Armor: Scale mail        |    22 |    26 |       ||    48
       Plate armour      |       |    90 |     4 ||    94
Dodge: Dodged            |    22 |    43 |     1 ||    66
Block: Shield            |    29 |   103 |     6 ||   138
